 Dungeon Crawl Stone Soup version 0.28.0-43-g3370ac3207 (webtiles) character file.

Game seed: 14015591192331070080

99 NinjaNoafa the Sneak (level 5, -5/32 HPs)
             Began as a Kobold Brigand on Apr 1, 2022.
             Was a Follower of Kikubaaqudgha.
             Killed by nerve-wracking pain
             ... invoked by an orc priest
              (8 damage)
             ... on level 2 of the Dungeon.
             The game lasted 00:07:03 (4902 turns).

NinjaNoafa the Sneak (Kobold Brigand)               Turns: 4902, Time: 00:07:04

Health: -5/32      AC:  3    Str:  8    XL:     5   Next: 2%
Magic:  7/7        EV: 15    Int: 12    God:    Kikubaaqudgha [*.....]
Gold:   59         SH:  0    Dex: 19    Spells: 7/7 levels left

rFire   . . .      SeeInvis .   a - +2 dagger
rCold   . . .      Faith    .   (no shield)
rNeg    . . .      Spirit   .   b - +0 robe
rPois   .          Reflect  .   (no helmet)
rElec   .          Harm     .   c - +0 cloak
rCorr   .          Rampage  .   (no gloves)
Will    .....                   (no boots)
Stlth   ++++......              h - amulet of magic regeneration
HPRegen 0.10/turn               (no ring)
MPRegen 0.50/turn               (no ring)

@: no status effects
A: small, no large weapons, nightstalker 3
a: Renounce Religion, Receive Corpses


You were on level 2 of the Dungeon.
You worshipped Kikubaaqudgha.
Kikubaaqudgha was aware of your devotion.
You visited 1 branch of the dungeon, and saw 2 of its levels.

You collected 59 gold pieces.

Inventory:

Hand Weapons
 a - a +2 dagger (weapon)
Missiles
 d - 4 poisoned darts (quivered)
 e - 2 curare-tipped darts
 l - 22 stones
Armour
 b - a +0 robe (worn)
 c - a +0 cloak (worn)
Jewellery
 h - an amulet of magic regeneration (around neck)
Potions
 f - a potion of cancellation {unknown}
 g - a potion of magic {unknown}
 i - a potion of haste {unknown}
 j - a potion of heal wounds {unknown}
 m - a potion of mutation {unknown}


   Skills:
 + Level 2.9 Fighting
 + Level 3.2 Short Blades
 + Level 2.6 Throwing
 + Level 2.2 Dodging
 + Level 5.7 Stealth
 * Level 1.5 Spellcasting
 * Level 1.3 Necromancy


You had 7 spell levels left.
You didn't know any spells.
Your spell library contained the following spells:

 Spells                   Type           Power      Damage    Failure   Level
 Animate Skeleton         Necr           8%         N/A       16%         1
 Sublimation of Blood     Necr           4%         N/A       24%         2
 Corpse Rot               Necr/Air       4%         N/A       32%         2
 Wereblood                Tmut           0%         N/A       41%         2
 Vampiric Draining        Necr           4%         2d6       43%         3
 Agony                    Necr           4%         N/A       99%         5
 Summon Hydra             Summ           0%         N/A       100%        7


Dungeon Overview and Level Annotations

Branches:
Dungeon (2/15)

Altars:
Kikubaaqudgha


Innate Abilities, Weirdness & Mutations

You are small and have problems with some larger weapons.
You are completely attuned to the shadows.


Message History

You see here a +0 dagger.
An orc priest comes into view. It is wielding a +0 hand axe.
Assign waypoint to what number? (0-9)
Okay, then.
Throw: 7 darts (poison)
Press: ? - help, Q - select action, (/) - cycle Shift-Dir - straight line, f - orc priest
Aim: an orc priest, wielding a +0 hand axe (wandering, hasn't noticed you, 63% to hit)
You throw a poisoned dart.
The poisoned dart closely misses the orc priest.
The orc priest shouts!
Throw: 6 darts (poison)
Press: ? - help, Q - select action, (/) - cycle Shift-Dir - straight line, f/p - orc priest
Aim: an orc priest, wielding a +0 hand axe (63% to hit)
You throw a poisoned dart.
The poisoned dart closely misses the orc priest.
Throw: 5 darts (poison)
Press: ? - help, Q - select action, (/) - cycle Shift-Dir - straight line, f/p - orc priest
Aim: an orc priest, wielding a +0 hand axe (63% to hit)
You throw a poisoned dart. The poisoned dart hits the orc priest.
The orc priest is poisoned.
The orc priest looks more healthy.
The orc priest closely misses you.
You hit the orc priest.
The orc priest is moderately wounded.
The orc priest invokes the aid of Beogh against you.
Beogh smites you!
You closely miss the orc priest.
The orc priest is moderately wounded.
The orc priest barely misses you.
You closely miss the orc priest.
The orc priest is moderately wounded.
The orc priest invokes the aid of Beogh against you.
Beogh smites you!
* * * LOW HITPOINT WARNING * * *
As you read the scroll of fog, it crumbles to dust.
The scroll dissolves into smoke.
The orc priest calls down the wrath of Beogh upon you.
Pain shoots through your body!
You die...
Kikubaaqudgha rasps: "You have failed me!
Welcome... death!"

###...### ###
#.......######..
#...........(.#.
#....†..####.###
###..(#####.## #
#.(.####.##
##.###....## #
##########.###.###.###
#..§§@o§.......# ##.#.
#.###§########## ##.#
#.# #§# #.# #.# #.#
#.# #.# #.# #.# #.#
#.# #.. #.# #.# ##.
#)# #.# #. #.# #.# #.


You could see an orc priest.

Vanquished Creatures
  3 gnolls (D:2)
  2 adders (D:2)
  2 dart slugs
  2 orcs (D:2)
  5 ball pythons
  3 bats
  4 endoplasms (D:1)
  6 goblins
  6 hobgoblins
  4 quokkas
  3 frilled lizards (D:1)
  3 rats
43 creatures vanquished.

Notes
Turn   | Place    | Note
-------+----------+-------------------------------------------
     0 | D:1      | NinjaNoafa the Kobold Brigand began the quest for the Orb.
     0 | D:1      | Reached XP level 1. HP: 12/12 MP: 1/1
   388 | D:1      | Reached XP level 2. HP: 18/18 MP: 2/2
   525 | D:1      | Found a faded altar of an unknown god.
   530 | D:1      | Prayed at the altar of an unknown god.
   530 | D:1      | Became a worshipper of Kikubaaqudgha
   530 | D:1      | Reached * piety under Kikubaaqudgha
   530 | D:1      | Received a gift from Kikubaaqudgha
   785 | D:1      | Reached XP level 3. HP: 22/22 MP: 3/3
  3810 | D:2      | Reached skill level 1 in Spellcasting
  3813 | D:2      | Reached skill level 1 in Necromancy
  3813 | D:2      | Reached XP level 4. HP: 26/27 MP: 5/5
  4468 | D:2      | Reached XP level 5. HP: 32/32 MP: 7/7
  4902 | D:2      | Killed from afar by an orc priest

Illustrated notes

Levels and vault maps discovered:
D:1:      ncdulo_halloftheorcs, layout_basic,
          chequers_ecumenical_altar_simple_redux, minmay_cut_off
D:2:      layout_loops_ring

Skill      XL: |  1  2  3 |
---------------+----------+-----
Short Blades   | 3 |  3.2
Spellcasting   | 1 |  1.5
Dodging        | 2 |  2.2
Necromancy     | 1 |  1.3
Fighting       | |  2.9
Throwing       | |  2.6
Stealth        | |  5.7

Action                   |  1- 3 |  4- 6 || total
-------------------------+-------+-------++-------
Melee: Dagger            |    61 |    46 ||   107
Throw: Dart              |     6 |    14 ||    20
  Use: Scroll            |     1 |     3 ||     4
       Potion            |     1 |       ||     1
 Stab: Sleeping          |    15 |     2 ||    17
Armor: Robe              |     5 |     9 ||    14
Dodge: Dodged            |    17 |    30 ||    47
